Cogmind - Beta 17.1 @@@ ROGUE MODE // 2026.08.31 @ 19:33:27 Player: pickelover66 Result: Destroyed by 4B-WGT(R) with Subdweller Machine Gun Performance ------------- Evolutions (0) 0 Regions Visited (2) 400 Robots Destroyed (22) 110 Value Destroyed (468) 468 Prototype IDs (2) 40 Alien Tech Used (0) 0 Bonus (-18) -18 TOTAL SCORE: 1000 Bonus ------- Friendly Fire -18 Cogmind --------- Core Integrity 0/250 Matter 37/300 Energy 250/250 System Corruption 1% Temperature Cool (0) Movement Core (300) Ox5 Location -10/Subcaves Parts ------- > --- POWER (1) -------- Ion Engine > --- PROPULSION (2) --- (None) > --- UTILITY (2) ------ Medium Storage Unit Transport Network Coupler > --- WEAPON (2) ------- Medium Laser > --- INVENTORY (10) --- Medium Matter Pod (6) Sensor Array Targeting Computer Assault Rifle Mini Grenade Launcher Mini Grenade Launcher Mining Claw Peak State ------------ > --- POWER ------------ Ion Engine > --- PROPULSION ------- Aluminum Leg Aluminum Leg > --- UTILITY ---------- Medium Storage Unit Transport Network Coupler > --- WEAPON ----------- Beam Cannon Mini Grenade Launcher > --- INVENTORY -------- Ion Engine Large Storage Unit Medium Matter Pod Sensor Array Targeting Computer Medium Laser Assault Rifle Assault Rifle Mini Grenade Launcher Mining Claw [Rating: 9] Favorites ----------- Power Ion Engine Engine Ion Engine Propulsion Aluminum Leg Leg Aluminum Leg Utility Medium Storage Unit Device Sensor Array Storage Medium Storage Unit Processor Transport Network Coupler Weapon Assault Rifle Energy Gun Medium Laser Energy Cannon Beam Cannon Ballistic Gun Assault Rifle Launcher Mini Grenade Launcher Special Weapon Flamer Build | -11 -10 -10 ------- Run | Yrd Mat Sub Slots Evolved . | . . . Power . | . . . Propulsion . | . . . Utility . | . . . Weapon . | . . . Parts Attached 20 | 7 10 3 Power 3 | 1 1 1 Engine 3 | 1 1 1 Core . | . . . Reactor . | . . . Propulsion 4 | 2 2 . Treads . | . . . Leg 4 | 2 2 . Wheel . | . . . Hover . | . . . Flight . | . . . Utility 6 | 1 5 . Device 2 | . 2 . Storage 3 | 1 2 . Processor 1 | . 1 . Hackware . | . . . Protection . | . . . Artifact . | . . . Weapon 7 | 3 2 2 Energy Gun 1 | 1 . . Energy Cannon 1 | . 1 . Ballistic Gun 2 | 2 . . Ballistic Cannon . | . . . Launcher 2 | . 1 1 Special Weapon 1 | . . 1 Impact Weapon . | . . . Slashing Weapon . | . . . Piercing Weapon . | . . . Special Melee Weapon . | . . . Unidentified Prototypes . | . . . Parts Lost 6 | . . 6 Power . | . . . Propulsion 3 | . . 3 Utility . | . . . Weapon 3 | . . 3 Highest Loss Streak 4 | . . 4 To Critical Strikes . | . . . Average Backups 8 | 2 8 8 Power . | . 1 . Propulsion 1 | 1 1 . Utility 2 | . 2 3 Weapon 3 | . 3 4 Tool/Special . | . . . Unused Backups 8 | . 4 4 Power . | . . . Propulsion 4 | . 4 . Utility 3 | . . 3 Weapon 1 | . . 1 Tool/Special . | . . . Average Slot Usage (%) 97 | . 98 96 Engine 14 | . 14 14 Leg 27 | . 28 25 Device 1 | . 2 . Storage 14 | . 14 14 Processor 11 | . 9 14 Energy Gun 4 | . 5 . Energy Cannon 7 | . 7 6 Ballistic Gun 12 | . 13 8 Launcher 3 | . . 12 Peak Build Rating 9 | 6 9 9 Average Rating 7 | 4 7 8 On Entrance 4 | . 6 8 Avg Prop Armor Cover (%) . | . . . Naked Turns . | . . . Heaviest Build 30 | 14 30 20 Greatest Support 20 | 20 20 20 Greatest Overweight (x) 5 | 2 1 5 Average Overweight (x) . | . . . Largest Inventory Capacity 15 | 8 15 10 Average Capacity 9 | 7 9 10 Most Carried 10 | 6 10 10 Average Carried 8 | 3 8 8 Final Capacity 10 | 8 10 10 Final Carried 10 | 6 10 7 Class Distribution -------------------- 100% | Mutant Dominant Class ---------------- Mutant | -10/Materials Mutant | -10/Subcaves Resources | -11 -10 -10 ----------- Run | Yrd Mat Sub Matter Collected 571 | 246 252 73 Remotely . | . . . Salvage Created 511 | . 379 132 Parts 26 | . 18 8 Haulers Intercepted 2 | . 2 . Recyclers Shooed . | . . . Parts Field Recycled . | . . . Retrieved Matter . | . . . Parts Self-Destructed 10 | . . 10 Prevented . | . . . Parts Restored . | . . . Kills | -11 -10 -10 ------- Run | Yrd Mat Sub Combat Hostiles Destroyed 18 | . 11 7 Guns 8 | . 5 3 Cannons 6 | . 4 2 AOE 3 | . 1 2 Classes Destroyed 7 | . 5 2 Builder 1 | . 1 . Hauler 2 | . 2 . Watcher 1 | . 1 . Swarmer 9 | . 6 3 Grunt 5 | . 5 . Artisan 1 | . . 1 Subdweller 4 | . . 4 Best Kill Streak 3 | . 3 3 Combat Bots Only 3 | . 3 3 Max Kills in Single Turn 1 | . 1 1 Gunslinging . | . . . Exploded 1 | . 1 1 Melee . | . . . Uniques/NPCs Destroyed . | . . . Combat | -11 -10 -10 -------- Run | Yrd Mat Sub Hostile Shots Fired 93 | . 45 48 Missed 23 | . 9 14 Hits 70 | . 36 34 Projectile 70 | . 36 34 Damage Taken 1057 | . 364 693 Core 251 | . 48 203 Absorbed by Shields . | . . . Regen/Repaired (Parts) 59 | . 59 . Core Remaining (%) 100 | 100 . . Volleys Fired 68 | . 39 29 Largest 2 | . 2 2 Hottest 120 | . 90 120 Shots Fired 127 | . 78 49 Gun 64 | . 54 10 Cannon 37 | . 21 16 Launcher 24 | . 3 21 Special 2 | . . 2 Kinetic 43 | . 36 7 Thermal 60 | . 39 21 Explosive 24 | . 3 21 Electromagnetic . | . . . Robot Hit Streak 11 | . 11 10 Robot Miss Streak 4 | . 4 2 Penetration Max . | . . . Secondary Targets 1 | . 1 . Max Gunslinging Chain 1 | . 1 . Shots Hit Robots 80 | . 46 34 Core Hits 33 | . 17 16 Critical Kills 1 | . 1 . Critical Parts Destroyed . | . . . Critical Strikes 1 | . 1 . Meltdown 1 | . 1 . Melee Attacks . | . . . Impact . | . . . Slashing . | . . . Piercing . | . . . Sneak Attacks . | . . . Combat Hostiles . | . . . Follow-up Attacks . | . . . Damage Inflicted 1790 | . 810 980 Guns 483 | . 374 109 Cannons 472 | . 264 208 Explosions 793 | . 150 643 Melee . | . . . Ramming 22 | . 22 . Kinetic 309 | . 239 70 Thermal 666 | . 399 267 Explosive 793 | . 150 643 Electromagnetic . | . . . Impact . | . . . Slashing . | . . . Piercing . | . . . Highest Corruption 1 | . 1 1 Average Corruption 1 | . 1 1 Corruption Purged . | . . . Corruption Blocked . | . . . Effects 7 | . 5 2 Message Errors 2 | . 1 1 Matter Fused 3 | . 3 . Energy Discharges 1 | . 1 . Data Loss (minor) 1 | . . 1 Overload Shots . | . . . Overflow Damage 1 | . . 1 Projectiles . | . . . Explosions 1 | . . 1 Melee . | . . . Knockbacks . | . . . Impact . | . . . Kinetic . | . . . Secondary . | . . . Self-Inflicted Damage 130 | . 17 113 Shots 5 | . 1 4 Rammed . | . . . Targets Rammed 7 | . 7 . Kicked 7 | . 7 . Crushed . | . . . Highest Temperature 198 | . 198 . Average Temperature 49 | . 49 . Received Heat Transfer 165 | . 129 36 Siege Activations . | . . . Martial Activations . | . . . Shielding Activations . | . . . Robots Disrupted . | . . . Combat Hostiles . | . . . Robots Corrupted . | . . . Combat Hostiles . | . . . Parts Fried . | . . . Impact Corruptions . | . . . Robots Melted 1 | . 1 . Combat Hostiles 1 | . 1 . Parts Melted 5 | . 4 1 Heat Transferred 1677 | . 962 715 Parts Sabotaged . | . . . Parts Stolen . | . . . Parts Stripped . | . . . Power Chain Reactions . | . . . Alert | -11 -10 -10 ------- Run | Yrd Mat Sub Maximum Alert Level . | . . . Low Security (%) 100 | 100 100 . Level 1 . | . . . Level 2 . | . . . Level 3 . | . . . Level 4 . | . . . Level 5 . | . . . High Security . | . . . Max Security . | . . . Peak Influence 179 | . 179 . Initial . | . . . Average 25 | . 27 . Influence Increases 440 | . 370 70 Destroy 0b10 Robot/C 280 | . 220 60 Destroy 0b10 Robot/NC 20 | . 20 . Destroy Leader 56 | . 46 10 Successful Hack 17 | . 17 . Disable Machine 15 | . 15 . Destroy Structure 22 | . 22 . Lose Combat Pursuer 30 | . 30 . Influence Decreases 440 | . 219 221 Entered New Map 73 | . . 73 Time Decay 349 | . 219 130 Lost Part 18 | . . 18 Squads Dispatched 1 | . 1 . Investigation . | . . . Extermination . | . . . Reinforcement 1 | . 1 . Assault . | . . . Garrison . | . . . Intercept . | . . . Searches Triggered . | . . . Construction Impeded . | . . . Haulers Reinforced . | . . . Active Scanning Responses . | . . . Cargo Convoy Interrupts . | . . . Stealth | -11 -10 -10 --------- Run | Yrd Mat Sub Distress Signals 2 | . 2 . Communications Jammed . | . . . Distress Signals . | . . . Times Spotted 28 | . 20 8 Peak Tracking Total 6 | . 6 3 Tactical Retreats 1 | . 1 . Traps | -11 -10 -10 ------- Run | Yrd Mat Sub Traps Triggered 1 | . 1 . Indirectly . | . . . Trap Hack Attempts . | . . . Triggered . | . . . Disarmed . | . . . Reprogrammed . | . . . Reused . | . . . Traps Extracted . | . . . Installed . | . . . Triggered . | . . . Machines | -11 -10 -10 ---------- Run | Yrd Mat Sub Machines Disabled 1 | . 1 . Max in Single Turn 1 | . 1 . Machines Repaired . | . . . Machines Dismantled . | . . . Machines Sabotaged . | . . . Overloaded Fab Kills . | . . . Hacking | -11 -10 -10 --------- Run | Yrd Mat Sub Machines Accessed 6 | . 6 . Terminals 3 | . 3 . Fabricators . | . . . Repair Stations 1 | . 1 . Recycling Units 2 | . 2 . Scanalyzers . | . . . Garrison Access . | . . . Total Hacks 19 | . 19 . Successful 11 | . 11 . Failed 8 | . 8 . Catastrophic . | . . . Database Lockouts . | . . . Manual . | . . . Terminals 11 | . 11 . Fabricators . | . . . Repair Stations 5 | . 5 . Recycling Units 3 | . 3 . Scanalyzers . | . . . Garrison Access . | . . . Terminal Hacks 5 | . 5 . Prototype ID Bank 1 | . 1 . Scanalyzer Index 1 | . 1 . Locate Traps 1 | . 1 . Hauler Manifests 1 | . 1 . Zone Layout 1 | . 1 . Fabricator Hacks . | . . . Repair Station Hacks 4 | . 4 . Scan Component 2 | . 2 . Repair 2 | . 2 . Recycling Unit Hacks 2 | . 2 . Report Inventory 1 | . 1 . Retrieve Components 1 | . 1 . Scanalyzer . | . . . Garrison Access Hacks . | . . . Unauthorized Hacks . | . . . Terminals . | . . . Fabricators . | . . . Repair Stations . | . . . Recycling Units . | . . . Scanalyzers . | . . . Garrison Access . | . . . Data Cores Recovered . | . . . Used . | . . . Hacking Detections 5 | . 5 . Full Trace Events . | . . . Feedback Events . | . . . Feedback Blocked . | . . . Robot Schematics Acquired . | . . . Robots Built . | . . . Authchips . | . . . Time . | . . . Total Robot Build Rating . | . . . Part Schematics Acquired . | . . . Parts Built . | . . . Authchips . | . . . Time . | . . . Total Part Build Rating . | . . . Part Studies Acquired . | . . . Parts Repaired 2 | . 2 . Time 52 | . 52 . Parts Recycled . | . . . Recycled Matter . | . . . Retrieved Matter . | . . . Retrieved Components 2 | . 2 . Parts Scanalyzed . | . . . Part Schematics Acquired . | . . . Parts Damaged . | . . . Bothacking | -11 -10 -10 ------------ Run | Yrd Mat Sub Used RIF Installer . | . . . Robots Hacked . | . . . Non-combat . | . . . Combat . | . . . Robot Hacks Applied . | . . . Relay Couplers Released . | . . . Fabnet Peak Effective % . | . . . Robots Rewired . | . . . Allies Hacked . | . . . Hacks Repelled . | . . . Allies | -11 -10 -10 -------- Run | Yrd Mat Sub Total Allies . | . . . Largest Group . | . . . Highest-Rated Group . | . . . Highest-Rated Ally . | . . . Total Orders . | . . . Ally Attacks . | . . . Total Damage . | . . . Kills . | . . . Allies Corrupted . | . . . Allies Melted . | . . . Intel | -11 -10 -10 ------- Run | Yrd Mat Sub Active Infowar (turns) 1313 | . 894 419 Sensors 197 | . 197 . T.N.C. 1116 | . 697 419 Robot Analysis Total . | . . . Derelict Logs Recovered 1 | . . 1 Drone Launches . | . . . Drone Recoveries . | . . . Exploration | -11 -10 -10 ------------- Run | Yrd Mat Sub Turns Passed 1480 | 72 989 419 Spaces Moved 885 | 42 605 238 Core 8 | 7 . 1 Treads . | . . . Legs 877 | 35 605 237 Wheels . | . . . Hover . | . . . Flight . | . . . Fastest Speed 50 | 50 120 120 Average Speed 122 | 133 120 126 Slowest Speed 300 | 190 190 300 Overloaded Moves . | . . . Propulsion Burnouts . | . . . Robots Hopped . | . . . Potential Cave-ins . | . . . Cave-ins Triggered . | . . . Exploration Rate (%) 35 | 3 87 15 Regions Visited 2 Branch Regions 1 Pre-discovered Areas 1 | . . 1 Known Exits Taken . | . . . Unknown Exits Taken 2 | 1 1 . Scrap Searched . | . . . Spaces Dug . | . . . Terrain Destroyed 125 | . 17 108 Melee . | . . . Projectile . | . . . AOE 125 | . 17 108 Terrain Rammed . | . . . Walls Destroyed . | . . . Machines Disabled . | . . . Actions | -11 -10 -10 --------- Run | Yrd Mat Sub Total 1148 | 54 790 304 Wait 130 | . 106 24 Move 883 | 41 604 238 Hop . | . . . Pick Up 17 | 6 9 2 Fast Attach 9 | 6 3 . Attach 3 | . . 3 Detach 1 | . 1 . Swap 17 | 1 10 6 Drop 13 | . 11 2 Fire 68 | . 39 29 Melee . | . . . Ram . | . . . Kick 7 | . 7 . Crush . | . . . Escape Stasis . | . . . Rewire . | . . . Trap . | . . . Miscellaneous . | . . . Route ------- -11/Scrapyard -10/Materials (discovered 5 exits: [*Mat x2] / [*Min x2] / [*Sub]) -10/Subcaves (discovered 1 exit: [Scr]) History --------- Turn | Location | Event 38 | -11/Scrapyard | Discovered new exit (range 14) 73 | -11/Scrapyard | Entered Materials 312 | -10/Materials | Build established: Mutant 380 | -10/Materials | Discovered new exit (range 16) 399 | -10/Materials | Discovered new exit (range 20) 730 | -10/Materials | Discovered new exit (range 5) 800 | -10/Materials | Discovered new exit (range 6) 1009 | -10/Materials | Repaired Beam Cannon 1035 | -10/Materials | Repaired Aluminum Leg 1053 | -10/Materials | Discovered new exit (range 8) 1062 | -10/Materials | Entered Subcaves 1063 | -10/Subcaves | Approached by a straggling Scientist 1092 | -10/Subcaves | Learned location of Zion (-6) 1409 | -10/Subcaves | Core integrity fell below 50% 1437 | -10/Subcaves | A swath of the cavern ceiling suddenly collapsed 1468 | -10/Subcaves | Core integrity fell below 20% 1481 | -10/Subcaves | Destroyed by 4B-WGT(R) with Subdweller Machine Gun Last Messages --------------- 01257_ The unstable cave ceiling collapses. 01258_ Acquired Flamer. 01269_ 3W-5U0(u) tweaks Twisted Machinery. 01324_ Aluminum Leg destroyed. 01324_ Destroyed Aluminum Leg. 01325_ The unstable cave ceiling collapses. 01385_ System corrupted: Component data lost. 01396_ 2W-JIZ(u) builds Twisted Machinery. 01413_ 2W-JIZ(u) cries out in pain. 01413_ 2W-JIZ(u) destroyed. 01419_ The unstable cave ceiling collapses. 01425_ Subatomizers dissect the Wheel. 01427_ 4B-WGT(R): "WEHOME!" A swath of the cavern ceiling suddenly collapses. 01440_ Aluminum Leg destroyed. 01457_ S>/A2|KZJBOAEG GPRF2 3RCEN 01457_ Aluminum Leg destroyed. 01471_ Flamer destroyed. 01477_ Assault Rifle destroyed. Map ----- +----------------------------------------------------+ | ??????????????????????# """"" # | | ??????????????????????# | | ??????????????????????? ??# ## | | ??????????????????????## #??# #??# # ## | | ???????????????????#### #??? >#???## ## #### | | ???????????????????# ##### #??#### ## #??## | | ????????????????????# #?## ### | | ???????????????????## ### | | ??????????????????## | | ?????????????????## ## ###### ## # | | ????????????????## #####????### ##?### | | ???????????????## #???????##?# #????? | | ???????????????# #????? #?# #????? | | ???????????????# ##???? #### ???? | | ???????????????# #??? #?## ?? | | ???????????????# ### #???# ? | | ???????????????# * #????? # | | ???????????????## [ ######??????# ##? | | ????????????????### #?????????## ###?? | | ??????????????????## ### ###????????? #? #???? | | ???????????????????# #####?????????? #? ?????? | | ???????????????????# ###??????????? ????????? | | ???????????????????## #####??????? ????????? | | ????????????????????## #######? ##???????? | | ?????????????????????## R ## #? #???????? | | ?????????????????????## @#### #? #???????? | | ?????????????????????# #??## #? #????????? | | ?????????????????????# #???#### ## #????????? | | ?????????????????????## #??????##"## #????????? | | ??????????????????????# ##????### "## #????????? | | ??????????????????????## #???### "###????????? | | ???????????????????????# ##???# "##????????? | | ???????????????????????###???## #????????? | | ????????????????????????????## # # #????????? | | ???????????????????????????### # [# #????????? | | ???????????????????????????# #????????? | | ???????????????????????????### ##???????? | | ???????????????????????###?### " #???????? | | ??????????????????###??# #### " " #???????? | | ??????????????????# ?## # ###" ##???????? | | ??????????????????# ##" ## ## #####????????? | | ??????????????????#" #" # #????????????? | | ?????????????????##" " " ##???????????? | | ?????????????????#"" #???????????? | | ?????????????????##" #???????????? | | ?????????????????#"" #???????????? | | ?????????????????#""" = # ##??????????? | | ?????????????????##" #??????????? | | ??????????????????# "" ##?????????? | | ??????????????????# "" #?????????? | +----------------------------------------------------+ Best States ------------- Heat Dissipation 25 Energy Generation 10 Energy Capacity 250 Matter Stores 300 Matter Capacity 300 Sight Range 16 Robot Scan Range 14 Terrain Scan Density 10 Evasion (%) 55 Item Schematics ----------------- None Robot Schematics ------------------ None Fabricated ------------ Nothing Repaired ---------- Aluminum Leg | 34% | -10/Materials Studied --------- None Alien Tech Used ----------------- None Achievements -------------- Ghost 'Em Challenges ------------ None Game ------ Seed ThiefGyrokineticNanosword Manual? 0 Play Time 00:25:03 Cumulative 36.1 hours Start 2026.08.31 @ 19:12:18 End 2026.08.31 @ 19:33:27 Sessions 1 Manual Loads 0 Difficulty Rogue Special Mode None Game No. 38 Rogue 38 Adventurer 0 Explorer 0 Win Type - Total 0 Types 0/0/0/0/0/0/0/0/0/0 Lore% 15 Gallery% 20 Achievement% 17 Wizard Run 0 Options --------- Layout 1 ASCII 0 Keyboard 1 Movement Numpad Keybinds 0 Fullscreen 1 Font 24/Smallcaps Map View 50x35 Zoom Use 0% Tactical HUD 1 Map Filters NONE Filters NONE Steam 1 RUN: bec597d5-1073-4e8e-a95d-a8fa83b1deb7